 Dungeon Sprint DCSS version 0.17-a0-2208-ge5ab1d3 (webtiles) character file.

163 esc the Fighter (level 5, -10/66 HPs)
             Began as an Ogre Hunter on Oct 26, 2015.
             Mangled by a red devil
             ... wielding a +0 trident
             ... summoned by a kobold demonologist
              (20 damage)
             ... in the Dungeon (Sprint III: "The Ten Rune Challenge").
             The game lasted 00:02:23 (327 turns).

esc the Fighter (Ogre Hunter)                        Turns: 327, Time: 00:02:23

Health: -10/66     AC:  6    Str: 17    XL:     5   Next: 44%
Magic:  3/5        EV: 12    Int: 10    God:
Gold:   34         SH:  0    Dex: 11    Spells: 0 memorised, 4 levels left

rFire  . . .     SeeInvis .     c - +0 short sword
rCold  . . .     Clarity  .     d - +0 robe
rNeg   . . .     SustAt   .     (no shield)
rPois  .         Gourm    .     (helmet restricted)
rElec  .         Spirit   .     m - +2 cloak {+Inv}
rCorr  .         Warding  .     (gloves unavailable)
rMut   .         NoTele   +     (boots unavailable)
MR     .....                    (no amulet)
Stlth  +.........               (no ring)
                                (no ring)

@: very slightly contaminated, not resistant to hostile enchantments, very
unstealthy
A: unfitting armour, mutation resistance 1, tough skin 1
a: Evoke Invisibility


You were in the Dungeon.
You were not hungry.

You visited 1 branch You collected 34 gold pieces.

Inventory:

Hand Weapons
 c - a +0 short sword (weapon)
Missiles
 b - a throwing net (quivered) {=f, !d}
Armour
 d - a +0 robe (worn)
 m - a +2 cloak of invisibility (worn)
   (You took it off Crazy Yiuf in the Dungeon)
Scrolls
 k - a scroll of blinking {!r}
 o - a scroll of holy word {!r}
 q - 5 scrolls of remove curse
Potions
 f - a potion of curing
 g - a potion of heal wounds
 h - a potion of haste
 i - 2 potions of magic
 j - a potion of berserk rage {!q}
 l - a potion of agility {unknown}
 r - 2 potions of cure mutation {unknown}
 s - 4 potions of flight
Comestibles
 e - 3 bread rations {@e1}


   Skills:
 + Level 8.4 Fighting
 + Level 7.3 Throwing
 + Level 5.8 Dodging
 - Level 0.7 Stealth


You had 4 spell levels left.
You didn't know any spells.

Dungeon Overview and Level Annotations

Branches:
Dungeon (1/1)

Altars:
Kikubaaqudgha
Sif Muna
Vehumet


Innate Abilities, Weirdness & Mutations

You are too large for most types of armour.
You have tough skin (AC +1).
You are somewhat resistant to further mutation.


Message History

A water elemental comes into view.
Aim: a water elemental (resting)
You throw a large rock {!d}.
The large rock {!d} hits the water elemental!!
Aim: a water elemental (almost destroyed, hasn't noticed you)
You throw a large rock {!d}.
The large rock {!d} hits the water elemental!!
You destroy the water elemental!
Your Fighting skill increases to level 7!
Your Throwing skill increases to level 7!
Your Dodging skill increases to level 5!
You have reached level 5!
You regained 6 hp, and now have 59/63 hp.
There is an open door to the Ecumenical Temple here.
a - 4 large rocks {!d} (gained 1)
There is a fountain of clear blue water here.
a - 5 large rocks {!d} (gained 1)
There is a fountain of clear blue water here.
You flicker for a moment.
Okay, then.
You flicker back into view.
Health restored: 63 You fade into invisibility!
You feel somewhat more hungry.
You now have 2/5 mp.
You open the door.
A wizard comes into view. It is wielding a dagger.
Found a leatherbound book.
Found three altars.
Aim: a wizard, wielding a dagger and wearing a robe (resting)
You throw a large rock {!d}. The large rock {!d} hits the wizard!
You kill the wizard!
Your Fighting skill increases to level 8!
You hear a shout!
A kobold demonologist comes into view. It is wielding a dagger.
The kobold demonologist shouts!
There is an open door here.
Aim: a kobold demonologist, wielding a dagger and wearing a robe (hasn't noticed you)
You throw a large rock {!d}.
The large rock {!d} misses the kobold demonologist.
The kobold demonologist completely misses you.
Aim: a kobold demonologist, wielding a dagger and wearing a robe You throw a large rock {!d}.
The large rock {!d} misses the kobold demonologist.
The kobold demonologist closely misses you.
Aim: a kobold demonologist, wielding a dagger and wearing a robe You throw a large rock {!d}.
The large rock {!d} completely misses the kobold demonologist.
The kobold demonologist barely misses you.
Aim: a kobold demonologist, wielding a dagger and wearing a robe You throw a large rock {!d}.
The large rock {!d} hits the kobold demonologist but does no damage.
You aren't carrying any items that can be evoked.
Quiver which item? (- for none, * to show all) (? for menu, Esc to quit)
Quivering
b - 2 throwing nets {=f, !d} for throwing.
Aim: a kobold demonologist, wielding a dagger and wearing a robe You throw a throwing net {=f, !d}.
The throwing net {=f, !d} hits the kobold demonologist.
The kobold demonologist is caught in the net!
You flicker for a moment.
The kobold demonologist gestures wildly while chanting.
The kobold demonologist struggles against the net.
You barely miss the kobold demonologist.
The red devil hops backward while attacking.
The red devil barely misses you.
You barely miss the kobold demonologist.
The kobold demonologist miscasts a cantrip.
The kobold demonologist struggles to escape the net.
You hit the kobold demonologist but do no damage.
The red devil closely misses you.
The kobold demonologist struggles against the net.
The helpless kobold demonologist fails to defend itself.
You hit the kobold demonologist.
The red devil hits you from afar with a trident.
The kobold demonologist struggles against the net.
You take 2 damage, and have 63/66 hp.
You hit the kobold demonologist but do no damage.
The red devil hits you from afar with a trident!
The kobold demonologist struggles against the net.
You take 9 damage, and have 54/66 hp.
You hit the kobold demonologist but do no damage.
You flicker back into view.
The red devil hits you from afar with a trident!!
The kobold demonologist struggles to escape the net.
You take 19 damage, and have 35/66 hp.
MASSIVE DAMAGE!!
The helpless kobold demonologist fails to defend itself.
You hit the kobold demonologist.
The red devil hits you from afar with a trident!
The kobold demonologist struggles against the net.
You take 14 damage, and have 21/66 hp.
MASSIVE DAMAGE!!
You hit the kobold demonologist.
The kobold demonologist struggles against the net.
The red devil hits you from afar with a trident!
* * * LOW HITPOINT WARNING * * *
You take 12 damage, and have 9/66 hp.
You hit the kobold demonologist but do no damage.
The kobold demonologist struggles against the net.
The red devil hits you from afar with a trident!!
You die...

.#......#####..#
##.......#..#..#
.##.##.[.#..#..###+#+###+#
.##.###..##'#..#..........
####.##..###...'.⌠........
##..##..####...#...######+
....##..###....#.⌠.#
#..##...##.....#...#
..##...)#......#@###
.###..##.#.....#.K.# .#
#..#####....#4__# ▓▓ ▓▓▓▓
▓▓▓▓▓▓▓▓▓▓


You could see a kobold demonologist (caught) and a red devil.

Vanquished Creatures
  A water elemental (D)
  Crazy Yiuf (D)
  A wizard (D)
  Jessica (D)
  A human (D)
  An ooze (D)
  A rat (D)
7 creatures vanquished.

Vanquished Creatures (others)
  A draconian scorcher (D)
  A yaktaur (D)
2 creatures vanquished.

Grand Total: 9 creatures vanquished

Notes
Turn   | Place    | Note
--------------------------------------------------------------
     0 | D        | esc the Ogre Hunter began the quest for the Orb.
     0 | D        | Reached XP level 1. HP: 22/22 MP: 1/1
    12 | D        | Reached skill level 3 in Fighting
    12 | D        | Reached skill level 2 in Dodging
   144 | D        | Noticed Jessica
   146 | D        | Killed Jessica
   146 | D        | Reached skill level 5 in Fighting
   146 | D        | Reached skill level 5 in Throwing
   146 | D        | Reached skill level 3 in Dodging
   146 | D        | Reached XP level 2. HP: 31/35 MP: 2/2
   146 | D        | Reached XP level 3. HP: 37/42 MP: 3/3
   190 | D        | Noticed Crazy Yiuf
   195 | D        | Killed Crazy Yiuf
   195 | D        | Reached skill level 6 in Fighting
   195 | D        | Reached skill level 4 in Dodging
   195 | D        | Reached XP level 4. HP: 49/52 MP: 4/4
   197 | D        | Reached skill level 6 in Throwing
   237 | D        | Killed a white draconian scorcher
   245 | D        | Killed a yaktaur
   276 | D        | Gained mutation: You are somewhat resistant to further mutation. [potion of mutation]
   285 | D        | Noticed a water elemental
   287 | D        | Killed a water elemental
   287 | D        | Reached skill level 7 in Fighting
   287 | D        | Reached skill level 7 in Throwing
   287 | D        | Reached skill level 5 in Dodging
   287 | D        | Reached XP level 5. HP: 58/63 MP: 2/5
   311 | D        | Found a radiant altar of Vehumet.
   311 | D        | Found a deep blue altar of Sif Muna.
   311 | D        | Found an ancient bone altar of Kikubaaqudgha.
   311 | D        | Noticed a wizard
   312 | D        | Killed a wizard
   312 | D        | Reached skill level 8 in Fighting
   319 | D        | Noticed a red devil
   326 | D        | HP: 9/66 [red devil/trident[a kobold demonologist] (12)]
   327 | D        | Mangled by a red devil

Vault maps used:
D:        dungeon_sprint_mu

Action                   |  1- 3 |  4- 6 || total
-------------------------+-------+-------++-------
Melee: Short sword       |     6 |     9 ||    15
Throw: Large rock        |     5 |     9 ||    14
       Throwing net      |       |     1 ||     1
 Abil: Evoke Invisibilit |       |     2 ||     2
  Use: Scroll            |       |     2 ||     2
       Potion            |       |     2 ||     2
 Stab: Sleeping          |     1 |       ||     1
       Held in net/web   |       |     2 ||     2

Vault maps used:
D:        dungeon_sprint_mu

Table legend:
 A = Turns spent in this place as a percentage of turns spent in the entire game.
 B = Non-inter-level travel turns spent in this place as a percentage of non-inter-level travel turns spent in the entire game.
 C = Inter-level travel turns spent in this place as a percentage of turns spent in this place.
 D = Turns resting spent in this place as a percentage of non-inter-level travel turns spent in this place.
 E = Turns spent auto-exploring this place as a percentage of non-inter-level travel turns spent in this place.
 F = Non-inter-level travel turns spent in this place divided by the number of levels of this place that you've seen.
                   A       B       C       D       E      F
               +-------+-------+-------+-------+-------+----------------------
         Total | 100.0 | 100.0 |   0.0 |   5.7 |   0.0 | 140.0
       Dungeon | 100.0 | 100.0 |   0.0 |   5.7 |   0.0 | 140.0
               +-------+-------+-------+-------+-------+----------------------

Table legend:
 A = Kills in this place as a percentage of kills in entire the game.
 B = Kills by you in this place as a percentage of kills by you in the entire game.
 C = Kills by friends in this place as a percentage of kills by friends in the entire game.
 D = Other kills in this place as a percentage of other kills in the entire game.
 E = Experience gained in this place as a percentage of experience gained in the entire game.
 F = Experience gained in this place divided by the number of levels of this place that you have seen.
                   A       B       C       D       E      F
               +-------+-------+-------+-------+-------+----------------------
         Total | 100.0 | 100.0 |  -nan |  -nan | 100.0 | 233.0
       Dungeon | 100.0 | 100.0 |  -nan |  -nan | 100.0 | 233.0
               +-------+-------+-------+-------+-------+----------------------
